 Dungeon Sprint DCSS version 0.26-a0-708-g17f3b190f9 (webtiles) character file.

Game seed: 18246991953877019628

4321 schets the Green Death (level 10, -40/94 HPs)
             Began as a Demonspawn Monk on Oct 28, 2020.
             Was a High Priest of Fedhas.
             Killed from afar by an orb of fire (84 damage)
             ... with a fireball
             ... in the Dungeon (Sprint VII: "The Pits").
             The game lasted 00:07:18 (1183 turns).

schets the Green Death (Demonspawn Monk)            Turns: 1183, Time: 00:07:19

Health: -40/94     AC: 13    Str: 21    XL:     10   Next: 11%
Magic:  6/25       EV:  9    Int: 11    God:    Fedhas [*****.]
Gold:   0          SH:  0    Dex: 16    Spells: 9/9 levels left

rFire    . . .     SeeInvis .   b - +1 broad axe (freeze)
rCold    . . .     Faith    .   (no shield)
rNeg     . . .     Spirit   .   s - +4 chain mail
rPois    .         Reflect  .   (helmet restricted)
rElec    .         Harm     .   (no cloak)
rCorr    .         Rampage  .   (no gloves)
MR       .....     NoTele   +   m - +0 pair of boots
Stlth    ..........             (no amulet)
HPRegen  0.25/turn              n - +3 ring of strength
MPRegen  0.19/turn              h - +3 ring of strength

@: no status effects
A: antennae 1, demonic guardian 2, spiny 2
a: Wall of Briars, Grow Ballistomycete, Overgrow, Grow Oklob, Renounce Religion


You were in the Dungeon.
You worshipped Fedhas.
Fedhas was extremely pleased with you.
You visited 1 branch

Inventory:

Hand Weapons
 a - a +0 hand axe
 b - a +1 broad axe of freezing (weapon)
Armour
 m - a +0 pair of boots (worn)
 s - a +4 chain mail (worn)
Jewellery
 h - a +3 ring of strength (right hand)
 n - a +3 ring of strength (left hand)
Scrolls
 j - 3 scrolls of remove curse
 k - 5 scrolls of amnesia
 l - a scroll of summoning
Potions
 c - 5 potions of curing
 d - 5 potions of heal wounds
 e - 2 potions of haste
 f - 4 potions of magic
 g - 2 potions of berserk rage
 i - a potion of invisibility
 o - 3 potions of brilliance
 p - a potion of resistance
 q - a potion of might
 r - a potion of mutation


   Skills:
 + Level 14.1 Fighting
 - Level 2.6 Axes
 - Level 2.6 Dodging
 - Level 1.7 Stealth
 * Level 22.0 Invocations


You had 9 spell levels left.
You didn't know any spells.
Your spell library was empty.

Dungeon Overview and Level Annotations

Branches:
Dungeon (1/1)

Altars:
Ashenzari
Cheibriados
Dithmenos
Elyvilon
Fedhas
Gozag
Hepliaklqana
Kikubaaqudgha
Makhleb
Nemelex Xobeh
Okawaru
Qazlal
Ru
Sif Muna
Trog
Uskayaw
Vehumet
Wu Jian
Xom
Yredelemnul
Zin
The Shining One
Beogh
Jiyva
Lugonu


Innate Abilities, Weirdness & Mutations

You have a pair of small antennae on your head.
A demonic guardian rushes to your aid.
You are mostly covered in sharp spines.


Message History

A deep elf master archer comes into view.
An orb of fire comes into view.
There are monsters nearby!
There are monsters nearby!
You swap places.
Your white imp disappears in a puff of smoke!
The orb of fire emits a lurid red light.
The bolt of fire hits you!!!
Ouch! That really hurt!
* * * LOW HITPOINT WARNING * * *
The bolt of fire hits your ballistomycete!!!!
Okay, then.
You feel much better.
A ballistomycete spore comes into view.
You walk carefully through the fungus.
The orb of fire glows red.
The fireball explodes!
The fireball engulfs you!!!!
Ouch! That really hurt!
You die...
Fedhas appreciates your contribution to the ecosystem.

.......... .........
....... ...e. #''#
#####)*#####
#...P.3P...#
#.....)....#
+..#@.P.#..#
+..........#
#.....*....#
##########..#....#..#
........''..........#
........''..........#
#####..##..#....#..#
#..##..........+
#..##..........+


You could see an orb of fire, a deep elf master archer, a friendly soul eater
(summoned), 2 friendly oklob plants, 2 friendly ballistomycetes and a friendly
ballistomycete spore.

Vanquished Creatures
  A titan (D)
  An ettin (D)
  Prince Ribbit (D)
  2 water elementals (D)
  A warg (D)
  An orc warrior (D)
  A swamp drake (D)
  An iron imp (D)
  A gnoll (D)
  An adder (D)
  A river rat (D)
  A white imp (D)
  2 ufetubi (D)
  3 orcs (D)
  A hobgoblin (D)
  4 jackals (D)
  A goblin (D)
24 creatures vanquished.

Vanquished Creatures (collateral kills)
  An apis (D)
  A green death (D)
  A merfolk aquamancer (D)
  A deep elf mage (D)
  A bog body (D)
  A water elemental (D)
  A floating eye (D)
  A phantom (D)
  A wolf (D)
  A scorpion (D)
  2 worker ants (D)
  2 leopard geckos (D)
  An orc (D)
  A bat (D)
  11 ballistomycete spores (D)
27 creatures vanquished.

Vanquished Creatures (others)
  3 ballistomycete spores (D)
3 creatures vanquished.

Grand Total: 54 creatures vanquished

Notes
Turn   | Place    | Note
-------+----------+-------------------------------------------
     0 | D        | schets the Demonspawn Monk began the quest for the Orb.
     0 | D        | Reached XP level 1. HP: 18/18 MP: 1/1
    90 | D        | Found a bloodstained altar of Trog.
    90 | D        | Found a shimmering blue altar of Sif Muna.
    90 | D        | Found a viscous altar of Jiyva.
    90 | D        | Found a hazy altar of Hepliaklqana.
    90 | D        | Found an opulent altar of Gozag.
    91 | D        | Found a glowing golden altar of the Shining One.
    91 | D        | Found a glowing silver altar of Zin.
    91 | D        | Found a basalt altar of Yredelemnul.
    91 | D        | Found a shimmering altar of Xom.
    91 | D        | Found an ornate altar of the Wu Jian Council.
    91 | D        | Found a sacrificial altar of Ru.
    91 | D        | Found a stormy altar of Qazlal.
    91 | D        | Found an iron altar of Okawaru.
    91 | D        | Found a sparkling altar of Nemelex Xobeh.
    91 | D        | Found a burning altar of Makhleb.
    91 | D        | Found a blossoming altar of Fedhas.
    91 | D        | Found a white marble altar of Elyvilon.
    91 | D        | Found a shadowy altar of Dithmenos.
    91 | D        | Found a snail-covered altar of Cheibriados.
    93 | D        | Found a corrupted altar of Lugonu.
    93 | D        | Found a radiant altar of Vehumet.
    93 | D        | Found a roughly hewn altar of Beogh.
    94 | D        | Found a broken altar of Ashenzari.
    94 | D        | Found an ancient bone altar of Kikubaaqudgha.
    94 | D        | Found a hide-covered altar of Uskayaw.
    99 | D        | Became a worshipper of Fedhas Madash
    99 | D        | Reached * piety under Fedhas
    99 | D        | Reached ** piety under Fedhas
   133 | D        | Reached skill level 5 in Fighting
   133 | D        | Gained mutation: You have a pair of small antennae on your
                  | head. [demonic ancestry]
   133 | D        | Reached XP level 2. HP: 26/27 MP: 2/2
   135 | D        | Reached skill level 2 in Invocations
   230 | D        | Reached skill level 4 in Invocations
   230 | D        | Reached XP level 3. HP: 29/34 MP: 1/6
   238 | D        | Reached skill level 5 in Invocations
   239 | D        | Reached *** piety under Fedhas
   427 | D        | Reached **** piety under Fedhas
   515 | D        | Noticed a deep elf mage
   517 | D        | Noticed a wolf
   524 | D        | Noticed Prince Ribbit
   526 | D        | Killed a wolf
   526 | D        | Reached skill level 7 in Invocations
   526 | D        | Reached XP level 4. HP: 41/41 MP: 1/9
   529 | D        | Reached skill level 8 in Invocations
   536 | D        | Noticed an orc warrior
   566 | D        | Killed an orc warrior
   566 | D        | Reached skill level 11 in Invocations
   566 | D        | Gained mutation: You are partially covered in sharp spines.
                  | [demonic ancestry]
   566 | D        | Reached XP level 5. HP: 49/49 MP: 1/13
   568 | D        | Noticed a hellwing
   570 | D        | Killed Prince Ribbit
   570 | D        | Reached ***** piety under Fedhas
   570 | D        | Reached skill level 13 in Invocations
   570 | D        | Reached XP level 6. HP: 51/58 MP: 2/15
   573 | D        | Noticed a redback
   579 | D        | Noticed an ice devil
   584 | D        | Noticed a redback
   584 | D        | Noticed a tarantella
   589 | D        | HP: 2/58 [ice devil[a deep elf mage] (14)]
   625 | D        | Killed a deep elf mage
   625 | D        | Reached skill level 10 in Fighting
   625 | D        | Reached skill level 14 in Invocations
   625 | D        | Gained mutation: A weak demonic guardian rushes to your
                  | aid. [demonic ancestry]
   625 | D        | Reached XP level 7. HP: 27/66 MP: 1/17
   950 | D        | Reached skill level 15 in Invocations
   968 | D        | Noticed a bog body
   971 | D        | Killed a bog body
   985 | D        | Reached skill level 16 in Invocations
  1157 | D        | Noticed a merfolk aquamancer
  1157 | D        | Noticed a titan
  1157 | D        | Noticed an ettin
  1157 | D        | Noticed a green death
  1159 | D        | Noticed a water elemental
  1161 | D        | Killed an ettin
  1161 | D        | Reached skill level 17 in Invocations
  1161 | D        | Gained mutation: You are mostly covered in sharp spines.
                  | [demonic ancestry]
  1161 | D        | Reached XP level 8. HP: 76/76 MP: 2/20
  1161 | D        | Reached skill level 18 in Invocations
  1167 | D        | Killed a titan
  1167 | D        | Reached skill level 20 in Invocations
  1167 | D        | Reached XP level 9. HP: 57/85 MP: 3/23
  1167 | D        | Killed a merfolk aquamancer
  1168 | D        | Killed a green death
  1168 | D        | Reached skill level 21 in Invocations
  1170 | D        | Noticed an apis
  1173 | D        | Killed an apis
  1173 | D        | Reached skill level 22 in Invocations
  1173 | D        | Gained mutation: A demonic guardian rushes to your aid.
                  | [demonic ancestry]
  1173 | D        | Reached XP level 10. HP: 64/94 MP: 4/25
  1180 | D        | Noticed a deep elf master archer
  1180 | D        | Noticed an orb of fire
  1183 | D        | Killed from afar by an orb of fire

Illustrated notes

Levels and vault maps discovered:
D:        pitsprint [storerooms_1, entrance_room_1, metal_vault_5, armoury_3,
          mini_pit_1, grid_room_1, main_hall_1, silver_pit, the_coven_3,
          the_vestibule_1, steel_vault_2, golden_pit, hallway_of_sentries,
          crystal_vault_4, iron_vault_1, final_vault]

Skill      XL: |  1  2  3  4  5  6  7  8  9 |
---------------+----------------------------+-----
Fighting       | 5 6 8 9 10 11 13 14 | 14.1
Invocations    | 4 7 11 13 14 17 20 22 | 22.0
Axes           | |  2.6
Dodging        | |  2.6
Stealth        | |  1.7

Action                   |  1- 3 |  4- 6 |  7- 9 | 10-12 || total
-------------------------+-------+-------+-------+-------++-------
Melee: Hand axe          |    25 |       |     6 |       ||    31
Invok: Wall of Briars    |     3 |     1 |       |       ||     4
       Grow Ballistomyce |     1 |     1 |     2 |       ||     4
       Grow Oklob        |       |     1 |     2 |       ||     3
       Overgrow          |       |       |     2 |       ||     2
  Use: Potion            |     1 |     5 |     1 |     1 ||     8
       Scroll            |       |     1 |       |       ||     1
 Stab: Distracted        |       |       |     1 |       ||     1
Armor: Robe              |     4 |       |       |       ||     4
       Chain mail        |     1 |    12 |     4 |       ||    17
Dodge: Dodged            |    32 |     4 |     1 |       ||    37

Table legend: (Time is in decaauts)
 A = Elapsed time spent in this place.
 B = Non-inter-level travel time spent in this place.
 C = Inter-level travel time spent in this place.
 D = Time resting spent in this place.
 E = Time spent auto-exploring this place.
 F = Levels seen in this place.
 G = Mean time per level.
                   A        B        C        D        E       F      G
               +--------+--------+--------+--------+--------+-----+--------+
         Total |   1205 |   1121 |     84 |    634 |      0 |   1 | 1205.0 |
       Dungeon |   1205 |   1121 |     84 |    634 |      0 |   1 | 1205.0 |
               +--------+--------+--------+--------+--------+-----+--------+

Top non-repeatable levels by time:
       D: 1205 daAuts
